Map: Cosmic Sapphire

Players

ForJumY

  • Race: Protoss Protoss
  • League: Grandmaster
  • Spawn Location: 11:00

Lambo - Winner!

  • Race: Zerg Zerg
  • Spawn Location: 5:00

Event: HomeStory Cup XXII

VOD

Have the link to the VOD?

Description

Time

  • Played on: Dec. 15, 2022, 7:25 a.m.
  • Length: 9:09

All games in this series

Show
View Real Time Build Order
Export as new Build Order

ForJumY Protoss 

Build Orders: 1 Gate Expand, Oracle Opening, Zealot Archon 

Get SALT Encoding   

  12  0:00  Probe  
  13  0:12  Probe  
  14  0:18  Pylon  
  14  0:24  Probe  
  15  0:36  Probe (Chrono Boost)  
  15  0:39  Gateway  
  16  0:48  Probe (Chrono Boost)  
  16  0:49  Assimilator  
  17  0:53  Probe (Chrono Boost)  
  18  1:03  Probe  
  19  1:15  Probe  
  20  1:27  Nexus  
  20  1:37  Cybernetics Core  
  20  1:40  Probe  
  21  1:49  Assimilator  
  21  1:52  Probe  
  22  1:57  Pylon  
  22  2:05  Probe  
  23  2:12  Stalker (Chrono Boost)  
  25  2:17  Warp Gate, Probe  
  26  2:29  Probe (Chrono Boost)  
  27  2:33  Stargate  
  27  2:39  Probe (Chrono Boost)  
  27  2:41  Probe (Chrono Boost)  
  27  2:42  Adept  
  31  2:48  Probe (Chrono Boost)  
  31  2:49  Probe (Chrono Boost)  
  33  2:54  Probe (Chrono Boost)  
  33  2:55  Probe  
  35  3:05  Probe  
  35  3:07  Probe  
  28  3:12  Adept  
  37  3:13  Oracle (Chrono Boost)  
  37  3:18  Probe  
  43  3:20  Probe, Pylon  
  44  3:30  Probe  
  44  3:33  Probe  
  46  3:41  Oracle (Chrono Boost)  
  46  3:42  Probe  
  46  3:45  Probe  
  51  3:54  Probe  
  52  3:55  Pylon  
  52  3:57  Probe  
  52  3:58  Nexus  
  53  4:06  Probe  
  53  4:07  Gateway  
  54  4:11  Pylon  
  54  4:15  Oracle  
  54  4:16  Shield Battery  
  57  4:17  Adept  
  57  4:19  Probe  
  60  4:25  Probe  
  60  4:27  Assimilator  
  60  4:30  Assimilator  
  61  4:34  Probe  
  61  4:35  Pylon  
  61  4:37  Probe  
  63  4:41  Twilight Council  
  63  4:45  Forge  
  63  4:46  Probe  
  63  4:49  Probe  
  65  4:59  Probe (Chrono Boost)  
  63  5:01  Probe (Chrono Boost)  
  64  5:09  Probe (Chrono Boost)  
  64  5:13  Probe (Chrono Boost)  
  64  5:14  Gateway  
  67  5:15  Gateway  
  67  5:16  Probe (Chrono Boost)  
  67  5:18  Zealot x2  
  67  5:19  Probe (Chrono Boost)  
  67  5:20  Probe (Chrono Boost)  
  73  5:23  Probe (Chrono Boost)  
  73  5:24  Probe (Chrono Boost)  
  73  5:25  Gateway  
  74  5:29  Probe, Pylon  
  74  5:35  Probe  
  76  5:36  Probe  
  76  5:37  Robotics Facility  
  76  5:40  Charge, Templar Archives  
  76  5:41  Probe  
  78  5:44  Protoss Ground Weapons Level 1 (Chrono Boost)  
  78  5:47  Probe  
  79  5:50  Probe  
  79  5:54  Zealot x2  
  79  5:57  Assimilator  
  82  5:58  Assimilator  
  82  5:59  Pylon  
  82  6:00  Probe  
  81  6:04  Gateway  
  81  6:05  Gateway  
  81  6:06  Probe x2  
  83  6:12  Probe  
  83  6:14  Pylon  
  84  6:19  High Templar x3  
  84  6:23  High Templar  
  84  6:24  Probe  
  93  6:25  Photon Cannon  
  93  6:27  Archon  
  93  6:28  Zealot, Archon  
  93  6:29  Warp Prism (Chrono Boost)  
  97  6:44  Probe x2  
  99  6:52  Zealot x4  
  105  6:54  Warp Prism (Chrono Boost)  
  105  6:56  Psionic Storm  
  105  7:00  Nexus  
  107  7:02  Pylon  
  107  7:05  High Templar  
  109  7:09  Pylon  
  109  7:10  Pylon x2  
  109  7:18  Gateway x2  
  109  7:20  Probe  
  109  7:21  Pylon  
  110  7:23  High Templar x2  
  110  7:28  Archon  
  110  7:29  Probe  
  115  7:33  Shield Battery, High Templar x3  
  119  7:44  Zealot x2  
  113  7:56  Immortal (Chrono Boost)  
  105  8:02  Photon Cannon  
  105  8:05  Photon Cannon  
  103  8:06  Shield Battery, Zealot x6  
  103  8:10  Photon Cannon  
  98  8:22  Archon  
  98  8:25  Zealot x2  
  91  8:33  Shield Battery, Zealot x3  
  91  8:34  Shield Battery  
  92  8:36  Sentry x2  
  95  8:41  High Templar x2  
  95  8:46  Zealot  
  99  8:49  Archon  
  85  8:55  High Templar x2  
  71  9:06  Zealot x2  
Show
View Real Time Build Order
Export as new Build Order

Lambo Zerg - Winner!

Build Orders: Hatch First 

Get SALT Encoding   

  12  0:00  Drone  
  13  0:13  Overlord  
  13  0:16  Drone  
  14  0:31  Drone x2  
  16  0:43  Drone  
  17  0:50  Hatchery  
  17  0:54  Drone  
  17  0:57  Drone  
  18  1:07  Extractor  
  17  1:12  Spawning Pool  
  17  1:16  Drone  
  17  1:18  Drone  
  18  1:29  Drone  
  19  1:40  Drone  
  20  1:51  Overlord  
  20  2:02  Queen x2  
  20  2:03  Drone  
  20  2:04  Zergling x2  
  26  2:10  Metabolic Boost  
  26  2:11  Zergling x2  
  26  2:14  Drone  
  28  2:22  Drone  
  29  2:24  Drone  
  30  2:35  Hatchery  
  30  2:36  Drone  
  30  2:43  Drone  
  31  2:46  Drone, Overlord  
  32  2:56  Queen, Drone  
  32  2:57  Drone  
  36  3:06  Queen  
  36  3:09  Drone  
  36  3:11  Drone x3  
  42  3:15  Overlord  
  42  3:19  Drone  
  43  3:20  Zergling x2  
  44  3:33  Queen, Drone x2  
  48  3:35  Drone  
  48  3:36  Drone  
  50  3:42  Drone x2  
  50  3:47  Queen, Drone, Roach Warren  
  54  3:52  Drone x2  
  54  3:53  Drone  
  54  3:55  Overlord  
  57  4:01  Overlord  
  57  4:05  Zergling x2  
  57  4:09  Spore Crawler  
  57  4:12  Zergling x2  
  57  4:14  Overlord  
  59  4:17  Zergling x4, Overlord  
  59  4:19  Spore Crawler  
  59  4:20  Zergling x6  
  59  4:23  Overlord  
  62  4:37  Drone  
  62  4:38  Drone  
  64  4:42  Extractor  
  63  4:48  Drone x6  
  63  4:49  Drone x6  
  70  4:55  Drone  
  70  4:56  Drone  
  70  4:57  Drone x2  
  73  5:00  Drone  
  73  5:01  Lair  
  73  5:06  Drone  
  75  5:12  Drone x6, Evolution Chamber  
  80  5:14  Drone x3  
  80  5:17  Extractor  
  80  5:18  Extractor  
  81  5:22  Overlord  
  81  5:23  Drone x2  
  82  5:30  Extractor  
  82  5:31  Drone  
  82  5:32  Drone, Extractor  
  82  5:33  Drone x2  
  82  5:36  Spore Crawler, Queen  
  82  5:38  Pneumatized Carapace  
  82  5:59  Drone x6  
  82  6:01  Drone  
  82  6:03  Glial Reconstitution  
  88  6:05  Drone x3  
  88  6:06  Overlord  
  88  6:08  Overlord  
  91  6:15  Overlord  
  91  6:16  Zerg Missile Weapons Level 1  
  91  6:17  Overlord  
  91  6:18  Drone  
  92  6:25  Roach x5  
  102  6:29  Roach x2  
  102  6:31  Overlord  
  106  6:33  Hatchery  
  106  6:35  Overlord  
  106  6:37  Overlord  
  106  6:39  Overlord  
  105  6:43  Roach x4  
  111  6:50  Roach x4  
  122  6:54  Roach x2  
  122  6:59  Roach x4  
  130  7:03  Queen  
  130  7:05  Overlord  
  130  7:06  Roach  
  134  7:11  Ravager x7  
  134  7:13  Roach x2  
  145  7:16  Queen  
  145  7:22  Roach x4  
  155  7:26  Spine Crawler  
  155  7:27  Roach x2  
  158  7:32  Roach x3  
  158  7:34  Roach  
  164  7:39  Roach x3  
  174  7:44  Roach x3  
  174  7:50  Roach x4  
  182  7:52  Ravager  
  183  8:04  Overlord  
  182  8:12  Overlord  
  182  8:14  Overlord  
  182  8:19  Overlord  
  176  8:24  Roach, Ravager  
  176  8:25  Roach x6  
  183  8:30  Roach  
  183  8:31  Roach x2  
  183  8:33  Roach Warren  
  183  8:36  Roach x7  
  193  8:53  Extractor  
  196  8:57  Ravager, Extractor  
Tags
 
Add a new tag
Caveats
  • Supply blocks, unpowered buildings, or Contaminate may cause inaccurate times.
  • Supply counts are checked every 10 seconds.